3A
WALLA WALLA WALLEYE @ GRAND FORKS CATERPILLARS
08/18/2041
 
TOP OF THE 1ST
Walla Walla Walleye batting - Pitching for Grand Forks Caterpillars : RHP Deron Lewis
Pitching: RHP Deron Lewis
Batting: LHB Steve Williams 0-0: Ball
1-0: Called Strike
1-1: Ground out 4-3 (Groundball, 4, EV 90.0 MPH)
Batting: RHB Eloi Hanai 0-0: Fly out, F7 (Flyball, 7LM, EV 95.6 MPH)
Batting: LHB Van Durr 0-0: Called Strike
0-1: Ball
1-1: Swinging Strike
1-2: Strikes out swinging
Top of the 1st over - 0 runs, 0 hits, 0 errors, 0 left on base; Walla Walla 0 - Grand Forks 0
BOTTOM OF THE 1ST
Grand Forks Caterpillars batting - Pitching for Walla Walla Walleye : LHP Cipriano Bustamante
Pitching: LHP Cipriano Bustamante
Batting: LHB Henri de Beeld 0-0: Foul Ball, location: 2F
0-1: Ball
1-1: Ball
2-1: Foul Ball, location: 2F
2-2: Ground out 4-3 (Groundball, 4M, EV 86.2 MPH)
Batting: RHB Rupert Bethune 0-0: SOLO HOME RUN (Flyball, 78XD, EV 108.1 MPH), Distance : 404 ft
Batting: RHB Shalom Gestel 0-0: Swinging Strike
0-1: Ground out 6-3 (Groundball, 6, EV 98.8 MPH)
Batting: RHB Jose Reginalde 0-0: Ball
1-0: Ball
2-0: Ball
3-0: Called Strike
3-1: Foul Ball, location: 2F
3-2: Foul Ball, location: 2F
3-2: Base on Balls
Batting: RHB Roberto Guerrero 0-0: Called Strike
0-1: Ball
1-1: Ball
2-1: Foul Ball, location: 2F
2-2: Foul Ball, location: 2F
2-2: Strikes out swinging
Bottom of the 1st over - 1 run, 1 hit, 0 errors, 1 left on base; Walla Walla 0 - Grand Forks 1
TOP OF THE 2ND
Walla Walla Walleye batting - Pitching for Grand Forks Caterpillars : RHP Deron Lewis
Batting: RHB Dan Barnes 0-0: Swinging Strike
0-1: Ball
1-1: Foul Ball, location: 2F
1-2: Ball
2-2: Foul Ball, location: 2F
2-2: Strikes out swinging
Batting: RHB Bernard Dowiyogo 0-0: Hit by Pitch
Batting: RHB Zane Atkins 0-0: Ball
1-0: Called Strike
1-1: Ball
2-1: Foul Ball, location: 2F
2-2: Strikes out looking
Batting: RHB Jorge Pedroso 0-0: Swinging Strike
0-1: Ball
1-1: Foul Ball, location: 2F
1-2: Ball
2-2: Ball
3-2: Foul Ball, location: 2F
3-2: Foul Ball, location: 2F
3-2: Base on Balls
Bernard Dowiyogo to second
Batting: RHB Alberto Zúñiga 0-0: Called Strike
0-1: Ball
1-1: Foul Ball, location: 2F
1-2: Ball
2-2: Foul Ball, location: 2F
2-2: Ball
3-2: Fly out, F9 (Line Drive, 9, EV 87.5 MPH)
Top of the 2nd over - 0 runs, 0 hits, 0 errors, 2 left on base; Walla Walla 0 - Grand Forks 1
BOTTOM OF THE 2ND
Grand Forks Caterpillars batting - Pitching for Walla Walla Walleye : LHP Cipriano Bustamante
Batting: RHB Conan Brown 0-0: Called Strike
0-1: Foul Ball, location: 2F
0-2: Ball
1-2: Strikes out swinging
Batting: LHB Stanley Bell 0-0: Called Strike
0-1: Called Strike
0-2: Foul Ball, location: 2F
0-2: Ball
1-2: Ball
2-2: Strikes out looking
Batting: RHB Michael Mack 0-0: Foul Ball, location: 2F
0-1: Called Strike
0-2: Ground out 5-3 (Groundball, 56, EV 104.4 MPH)
Bottom of the 2nd over - 0 runs, 0 hits, 0 errors, 0 left on base; Walla Walla 0 - Grand Forks 1
TOP OF THE 3RD
Walla Walla Walleye batting - Pitching for Grand Forks Caterpillars : RHP Deron Lewis
Batting: RHB Carlton Martin 0-0: Ground out 5-3 (Groundball, 56S, EV 93.1 MPH)
Batting: LHB Steve Williams 0-0: Called Strike
0-1: Ball
1-1: Bunt missed!
1-2: Ball
2-2: SINGLE (Groundball, 34S, EV 66.9 MPH) (infield hit)
Batting: RHB Eloi Hanai 0-0: Swinging Strike
0-1: Ball
1-1: Swinging Strike
1-2: Strikes out swinging
Batting: LHB Van Durr 0-0: Ball
1-0: Called Strike
1-1: Foul Ball, location: 2F
1-2: Foul Ball, location: 2F
1-2: Ball
2-2: Ball
3-2: Fly out, F7 (Flyball, 78S, EV 83.8 MPH)
Top of the 3rd over - 0 runs, 1 hit, 0 errors, 1 left on base; Walla Walla 0 - Grand Forks 1
BOTTOM OF THE 3RD
Grand Forks Caterpillars batting - Pitching for Walla Walla Walleye : LHP Cipriano Bustamante
Batting: LHB António Cruz 0-0: Ball
1-0: Called Strike
1-1: Foul Ball, location: 2F
1-2: Ball
2-2: Ball
3-2: Foul Ball, location: 2F
3-2: Foul Ball, location: 2F
3-2: Ground out U3 (Groundball, 3, EV 83.8 MPH)
Batting: LHB Henri de Beeld 0-0: Ground out 4-3 (Groundball, 4MD, EV 87.5 MPH)
Batting: RHB Rupert Bethune 0-0: Ball
1-0: Ball
2-0: SINGLE (Groundball, 6MD, EV 96.9 MPH)
Batting: RHB Shalom Gestel 0-0: Ball
Rupert Bethune steals 2nd, throwing error, E2
Rupert Bethune to third
1-0: Ground out 5-3 (Groundball, 56, EV 107.5 MPH)
Bottom of the 3rd over - 0 runs, 1 hit, 1 error, 1 left on base; Walla Walla 0 - Grand Forks 1
TOP OF THE 4TH
Walla Walla Walleye batting - Pitching for Grand Forks Caterpillars : RHP Deron Lewis
Batting: RHB Dan Barnes 0-0: Called Strike
0-1: Foul Ball, location: 2F
0-2: Ball
1-2: Strikes out looking
Batting: RHB Bernard Dowiyogo 0-0: Ball
1-0: Foul Ball, location: 2F
1-1: Called Strike
1-2: Ground out 6-3 (Groundball, 6, EV 108.8 MPH)
Batting: RHB Zane Atkins 0-0: Called Strike
0-1: Ball
1-1: Fly out, F8 (Flyball, 8RD, EV 88.1 MPH)
Top of the 4th over - 0 runs, 0 hits, 0 errors, 0 left on base; Walla Walla 0 - Grand Forks 1
BOTTOM OF THE 4TH
Grand Forks Caterpillars batting - Pitching for Walla Walla Walleye : LHP Cipriano Bustamante
Batting: RHB Jose Reginalde 0-0: Foul Ball, location: 2F
0-1: Ground out 6-3 (Groundball, 6, EV 91.9 MPH)
Batting: RHB Roberto Guerrero 0-0: Called Strike
0-1: Foul Ball, location: 2F
0-2: Strikes out looking
Batting: RHB Conan Brown 0-0: Ball
1-0: Swinging Strike
1-1: Ball
2-1: SINGLE (Groundball, 34D, EV 108.8 MPH)
Batting: LHB Stanley Bell 0-0: Foul Ball, location: 2F
0-1: Foul Ball, location: 2F
0-2: Ball
1-2: Ball
2-2: Fly out, F5 (Popup, 5SF, EV 66.9 MPH)
Bottom of the 4th over - 0 runs, 1 hit, 0 errors, 1 left on base; Walla Walla 0 - Grand Forks 1
TOP OF THE 5TH
Walla Walla Walleye batting - Pitching for Grand Forks Caterpillars : RHP Deron Lewis
Batting: RHB Jorge Pedroso 0-0: Called Strike
0-1: Ball
1-1: Called Strike
1-2: Ball
2-2: Ball
3-2: Fly out, F7 (Flyball, 7, EV 92.5 MPH)
Batting: RHB Alberto Zúñiga 0-0: Called Strike
0-1: Foul Ball, location: 2F
0-2: Foul Ball, location: 2F
0-2: Ball
1-2: Strikes out swinging
Batting: RHB Carlton Martin 0-0: DOUBLE (Flyball, 78D, EV 95.0 MPH)
Batting: LHB Steve Williams 0-0: Ball
1-0: Called Strike
1-1: Foul Ball, location: 2F
1-2: Foul Ball, location: 2F
1-2: Strikes out swinging
Top of the 5th over - 0 runs, 1 hit, 0 errors, 1 left on base; Walla Walla 0 - Grand Forks 1
BOTTOM OF THE 5TH
Grand Forks Caterpillars batting - Pitching for Walla Walla Walleye : LHP Cipriano Bustamante
Batting: RHB Michael Mack 0-0: Ball
1-0: Ball
2-0: Ball
3-0: Base on Balls
Batting: LHB António Cruz 0-0: Bunted foul
0-1: Sac Bunt to 5S - play at first, batter OUT! 5-4
Michael Mack to second
Batting: LHB Henri de Beeld 0-0: Foul Ball, location: 2F
0-1: Ball
1-1: Ball
Wild Pitch!
Michael Mack to third
2-1: Foul Ball, location: 2F
2-2: Ball
3-2: Ground out 6-3 (Groundball, 6M, EV 107.5 MPH)
Michael Mack scores
Batting: RHB Rupert Bethune 0-0: SINGLE (Groundball, 6MD, EV 107.5 MPH)
Batting: RHB Shalom Gestel 0-0: Ball
Rupert Bethune is caught stealing 2nd base 2-4
Bottom of the 5th over - 1 run, 1 hit, 0 errors, 0 left on base; Walla Walla 0 - Grand Forks 2
TOP OF THE 6TH
Walla Walla Walleye batting - Pitching for Grand Forks Caterpillars : RHP Deron Lewis
Pitching: LHP Addy van Katwijk
Batting: RHB Eloi Hanai 0-0: Called Strike
0-1: Ball
1-1: Ball
2-1: Ground out 1-3 (Groundball, 13S, EV 68.8 MPH)
Batting: LHB Van Durr 0-0: Foul Ball, location: 2F
0-1: Ball
1-1: Ball
2-1: Called Strike
2-2: Ball
3-2: Foul Ball, location: 2F
3-2: Ground out 4-3 (Groundball, 4, EV 81.9 MPH)
Batting: RHB Dan Barnes 0-0: Foul Ball, location: 2F
0-1: Swinging Strike
0-2: Ball
1-2: Ball
2-2: Ball
3-2: Strikes out swinging
Top of the 6th over - 0 runs, 0 hits, 0 errors, 0 left on base; Walla Walla 0 - Grand Forks 2
BOTTOM OF THE 6TH
Grand Forks Caterpillars batting - Pitching for Walla Walla Walleye : LHP Cipriano Bustamante
Batting: RHB Shalom Gestel 0-0: Ball
1-0: DOUBLE (Line Drive, 8RD, EV 105.6 MPH)
Batting: RHB Jose Reginalde 0-0: SINGLE (Flyball, 8RS, EV 93.1 MPH)
Shalom Gestel to third
Batting: RHB Roberto Guerrero 0-0: Ground out 5-3 (Groundball, 56S, EV 66.2 MPH)
Shalom Gestel scores
Jose Reginalde to second
Batting: RHB Conan Brown 0-0: Ball
1-0: Ball
2-0: Called Strike
2-1: Foul Ball, location: 2F
2-2: Foul Ball, location: 2F
2-2: Ball
3-2: Foul Ball, location: 2F
3-2: SINGLE (Line Drive, 34, EV 106.9 MPH)
Jose Reginalde to third
Runner from 3rd tries for Home, SAFE, no throw by RF
Batting: LHB Stanley Bell 0-0: SINGLE (Line Drive, 9S, EV 98.1 MPH)
Conan Brown to second
Runner from 2nd tries for 3rd, SAFE, no throw by RF
Batting: RHB Michael Mack 0-0: Ball
1-0: Swinging Strike
1-1: Swinging Strike
1-2: Ball
2-2: Foul Ball, location: 2F
2-2: Foul Ball, location: 2F
2-2: Ball
3-2: Ground out 6-3 (Groundball, 56D, EV 82.5 MPH)
Conan Brown scores
Stanley Bell to second
Pitching: RHP Hyeong-ro Park
Batting: LHB António Cruz 0-0: Called Strike
0-1: Ball
1-1: Foul Ball, location: 2F
1-2: SINGLE (Groundball, 34D, EV 100.0 MPH)
Stanley Bell to third
Runner from 3rd tries for Home, SAFE, no throw by RF
Batting: LHB Henri de Beeld 0-0: Ball
1-0: Called Strike
1-1: Foul Ball, location: 2F
1-2: Foul Ball, location: 2F
1-2: Ball
2-2: Ball
3-2: Foul Ball, location: 2F
3-2: Foul Ball, location: 2F
3-2: Strikes out looking
Bottom of the 6th over - 4 runs, 5 hits, 0 errors, 1 left on base; Walla Walla 0 - Grand Forks 6
TOP OF THE 7TH
Walla Walla Walleye batting - Pitching for Grand Forks Caterpillars : LHP Addy van Katwijk
Batting: RHB Bernard Dowiyogo 0-0: Ball
1-0: Called Strike
1-1: Foul Ball, location: 2F
1-2: Strikes out swinging
Batting: RHB Zane Atkins 0-0: Swinging Strike
0-1: Ball
1-1: Ball
2-1: Foul Ball, location: 2F
2-2: Strikes out swinging
Batting: RHB Jorge Pedroso 0-0: Ball
1-0: Called Strike
1-1: Ball
2-1: Ball
3-1: SINGLE (Groundball, 56D, EV 96.9 MPH)
Batting: RHB Alberto Zúñiga 0-0: Ball
1-0: Ball
2-0: Called Strike
2-1: SINGLE (Line Drive, 9LS, EV 101.2 MPH)
Jorge Pedroso to second
Batting: RHB Carlton Martin 0-0: Swinging Strike
0-1: Ball
1-1: Ball
2-1: Ball
3-1: Called Strike
3-2: Ground out 1-3 (Groundball, P, EV 75.6 MPH)
Top of the 7th over - 0 runs, 2 hits, 0 errors, 2 left on base; Walla Walla 0 - Grand Forks 6
BOTTOM OF THE 7TH
Grand Forks Caterpillars batting - Pitching for Walla Walla Walleye : RHP Hyeong-ro Park
Batting: RHB Rupert Bethune 0-0: Ball
1-0: Ball
2-0: Called Strike
2-1: Ground out 6-3 (Groundball, 6, EV 81.2 MPH)
Batting: RHB Shalom Gestel 0-0: Ball
1-0: Ball
2-0: Ground out 6-3 (Groundball, 6, EV 85.6 MPH)
Batting: RHB Jose Reginalde 0-0: Ground out 6-3 (Groundball, 6, EV 85.0 MPH)
Bottom of the 7th over - 0 runs, 0 hits, 0 errors, 0 left on base; Walla Walla 0 - Grand Forks 6
TOP OF THE 8TH
Walla Walla Walleye batting - Pitching for Grand Forks Caterpillars : LHP Addy van Katwijk
Batting: LHB Steve Williams 0-0: Called Strike
0-1: Fly out, F5 (Line Drive, 5, EV 70.0 MPH)
Batting: RHB Eloi Hanai 0-0: Ball
1-0: Ground out 5-3 (Groundball, 56S, EV 85.6 MPH)
Batting: LHB Van Durr 0-0: Ball
1-0: Swinging Strike
1-1: Swinging Strike
1-2: Ball
2-2: Ball
3-2: Strikes out swinging
Top of the 8th over - 0 runs, 0 hits, 0 errors, 0 left on base; Walla Walla 0 - Grand Forks 6
BOTTOM OF THE 8TH
Grand Forks Caterpillars batting - Pitching for Walla Walla Walleye : RHP Hyeong-ro Park
Batting: RHB Roberto Guerrero 0-0: Called Strike
0-1: Ground out 4-3 (Groundball, 4, EV 93.1 MPH)
Batting: RHB Conan Brown 0-0: Ball
1-0: Ground out 6-3 (Groundball, 6, EV 105.0 MPH)
Batting: LHB Stanley Bell 0-0: Ground out U3 (Groundball, 3S, EV 81.9 MPH)
Bottom of the 8th over - 0 runs, 0 hits, 0 errors, 0 left on base; Walla Walla 0 - Grand Forks 6
TOP OF THE 9TH
Walla Walla Walleye batting - Pitching for Grand Forks Caterpillars : LHP Addy van Katwijk
Pitching: LHP Luis Asturias
Batting: RHB Dan Barnes 0-0: Swinging Strike
0-1: Ball
1-1: Ball
2-1: Ground out 6-3 (Groundball, 6M, EV 84.4 MPH)
Batting: RHB Bernard Dowiyogo 0-0: Ball
1-0: Called Strike
1-1: Foul Ball, location: 2F
1-2: Strikes out swinging, 2-3 out at first.
Batting: RHB Zane Atkins 0-0: Ball
1-0: Ball
2-0: Swinging Strike
2-1: Called Strike
2-2: Strikes out swinging, 2-3 out at first.
Top of the 9th over - 0 runs, 0 hits, 0 errors, 0 left on base; Walla Walla 0 - Grand Forks 6
Tuesday, January 5th, 2021 - OOTP Baseball 20.8 Build 74